cohdb
Replays
Latest Replays
All Replays
Popular Replays
Top Player Replays
Match Explorer
How It Works
Community
CoH3 Stats
Reddit
Sign in to upload your games and track your stats! →
Sign in with Steam
Match 47180117
Unlisted
Match 47180117
Overview
Messages
Build Orders
End
Panzerpioneer Squad
Selects Italian Infantry
Panzergrenadier Squad
250 Light Carrier
Panzerpioneer Squad
Construct Light Support Kompanie
Selects Defensive Operations
Fire Support Elements
Flakvierling Half-track
Pak 38 Mechanized Group
Advanced Field Repairs
Selects Guastatori Squad
Selects L6/40 Light Tank Combat Group
L6/40 Light Tank Combat Group
Guastatori Squad
Guastatori Squad
Pak 38 Mechanized Group
Construct Panzerarmee Kommand
Selects Towed Cannone da 105/28 Field Howitzer
2.5-tonne Medical Truck
Towed Cannone da 105/28 Field Howitzer
Pak 38 Mechanized Group
Armored Reserves
Flak 36 Anti-tank Gun Team
Selects Prepared Positions
Flak 36 Anti-tank Gun Team
Selects Obice 305mm Barrage
Flak 36 Anti-tank Gun Team
2.5-tonne Medical Truck
꽃이에옹
Say! my! name!
ks
koowa
[PD]Lurgi
ILoveGingers
Nico-Nico-Nii~~
rsmelo
0
0
Comments
sign in to comment!
No comments posted yet!